Map: 中央管制平台

Players

Rex - Winner!

  • Race: Zerg Zerg
  • League: Grandmaster

YouRush (JoJo)

  • Race: Zerg Zerg
  • League: Master

Event: 2016 WCS Winter Challenger Taiwan

VOD

Have the link to the VOD?

Description

Time

  • Played on: Jan. 7, 2016, 6:36 a.m.
  • Length: 5:17

All games in this series

Show
View Real Time Build Order
Export as new Build Order

Rex Zerg - Winner!

Build Orders: Pool Only, Zergling Baneling 

Get SALT Encoding   

  12  0:01  Drone  
  13  0:09  Extractor  
  12  0:25  Spawning Pool  
  11  0:29  Drone  
  11  0:33  Drone  
  13  0:39  Drone  
  14  0:51  Overlord  
  14  1:11  Metabolic Boost  
  14  1:12  Zergling x2  
  14  1:13  Zergling x2  
  14  1:15  Zergling x2  
  17  1:29  Queen  
  19  1:39  Baneling Nest  
  18  1:45  Zergling x2  
  19  1:49  Zergling x2  
  19  1:54  Zergling x2  
  21  1:59  Zergling x2  
  22  2:13  Overlord  
  22  2:23  Baneling x2  
  22  2:36  Zergling x4  
  24  2:39  Zergling x2  
  25  2:55  Zergling x4  
  25  2:56  Zergling x2  
  27  3:04  Baneling x4  
  27  3:07  Zergling x2  
  28  3:18  Zergling x2  
  29  3:20  Zergling x2  
  29  3:26  Baneling  
  29  3:27  Baneling  
  28  3:40  Zergling x4, Baneling  
  28  3:53  Zergling x4  
  29  3:58  Zergling x2  
  29  4:00  Overlord  
  30  4:02  Baneling  
  30  4:03  Baneling x2  
  25  4:14  Baneling x3  
  22  4:36  Zergling x4  
  19  4:41  Zergling x2  
  19  4:45  Baneling  
Show
View Real Time Build Order
Export as new Build Order

YouRush Zerg 

Build Orders: Pool First 

Get SALT Encoding   

  12  0:00  Drone  
  13  0:08  Drone  
  14  0:17  Overlord  
  14  0:35  Drone x3  
  17  0:45  Spawning Pool  
  17  0:47  Drone  
  17  0:54  Extractor  
  17  0:57  Drone  
  17  1:10  Drone  
  18  1:19  Hatchery  
  17  1:32  Queen  
  19  1:33  Zergling x2  
  19  1:37  Zergling x2  
  21  1:40  Zergling x2  
  22  1:52  Spine Crawler  
  21  1:55  Metabolic Boost  
  21  2:03  Zergling x2  
  21  2:08  Overlord  
  21  2:13  Zergling x2  
  22  2:27  Zergling x2  
  23  2:33  Baneling Nest  
  22  2:38  Zergling x2  
  23  2:45  Zergling x6  
  24  3:00  Zergling x4  
  26  3:09  Zergling x2  
  26  3:10  Zergling x4  
  25  3:27  Zergling x2  
  25  3:28  Zergling x4  
  25  3:31  Zergling x2  
  29  3:37  Zergling x2  
  29  3:38  Zergling x2  
  29  3:47  Baneling  
  29  3:48  Baneling  
  28  3:51  Zergling x2  
  28  3:53  Overlord  
  24  4:07  Zergling x2  
  24  4:10  Zergling x4  
  24  4:11  Queen  
  24  4:16  Baneling x2  
  26  4:20  Zergling x2  
  27  4:26  Baneling  
  19  4:39  Zergling x2  
Tags
 
Add a new tag
Caveats
  • Supply blocks, unpowered buildings, or Contaminate may cause inaccurate times.
  • Supply counts are checked every 10 seconds.